 Dungeon Crawl Stone Soup version 0.31-a0-1074-g0b22e4e0f1 (webtiles) character file.

Game seed: 5475674644615960214

459120 mandoloar the Executioner (level 24, -3/233 HPs)
             Began as a Hill Orc Fighter on Dec 5, 2023.
             Was the Champion of the Shining One.
             Killed from afar by a purple draconian (28 damage)
             ... with a bolt of dispelling energy
             ... on level 4 of the Depths on Dec 7, 2023.
             The game lasted 03:37:24 (82085 turns).

mandoloar the Executioner (Hill Orc Fighter)       Turns: 82085, Time: 03:37:25

Health: -3/233     AC: 39    Str: 39    XL:     24   Next: 44%
Magic:  35/35      EV: 15    Int:  8    God:    the Shining One [******]
Gold:   4758       SH: 24    Dex: 10    Spells: 30/30 levels left

rFire   + . .        a - +9 broad axe (heavy)
rCold   . . .        Z - +1 tower shield
rNeg    + + +        p - +1 crystal plate armour
rPois   +            r - +0 mask of the Dragon {Will+ Slay+3 SInv}
rElec   .            w - +1 cloak {Will+}
rCorr   .            u - +2 pair of gloves
SInv    +            G - +3 pair of seven-league boots {Rampage+∞}
Will    +++..        P - amulet "Tufa" {Reflect Rampage rPois rF+ Str+3 SH+5} Stlth
                     S - +6 ring of strength
HPRegen 0.58/turn    H - +5 ring of evasion
MPRegen 0.24/turn

%: reflection, rampage+∞
@: glowing, studying 3 skills
A: no striking features
}: 2/15 runes: serpentine, barnacled
a: Renounce Religion, Divine Shield, Cleansing Flame, Summon Divine Warrior,
Brand Weapon With Holy Wrath


You were on level 4 of the Depths.
You worshipped the Shining One.
The Shining One was exalted by your worship.
You visited 9 branches of the dungeon, and saw 42 of its levels.
You visited the Abyss 1 time.
You also visited: Sewer, Bailey, Gauntlet and Wizlab.

You collected 8075 gold pieces.
You spent 3317 gold pieces at shops.

Inventory:

Hand Weapons
 a - a +9 heavy broad axe (weapon)
 b - a +2 heavy flail
Missiles
 j - 53 boomerangs (quivered)
 k - 9 silver javelins
 y - 19 javelins
Armour
 p - a +1 crystal plate armour (worn)
 r - the +0 mask of the Dragon (worn) {Will+ Slay+3 SInv}
   (You found it on level 1 of the Depths)

   Slay+3:    It affects your accuracy & damage with ranged weapons and melee
   (+3).
   Will+:     It increases your willpower.
   SInv:      It lets you see invisible.
 u - a +2 pair of gloves (worn)
 w - a +1 cloak of willpower (worn)
 G - the +3 pair of seven-league boots (worn) {Rampage+∞}
   (You found it on level 2 of the Shoals)

   Rampage+∞: When moving toward enemies, its wearer moves as far as possible,
   alerting their target en route.
 Z - a +1 tower shield (worn)
Jewellery
 o - a ring of protection from cold
 H - a +5 ring of evasion (right hand)
 I - a ring of flight
 P - the amulet "Tufa" (around neck) {Reflect Rampage rPois rF+ Str+3 SH+5}
   (You found it on level 4 of the Lair of Beasts)

   [amulet of reflection]

   Reflect:   It reflects blocked missile attacks.
   Str+3:     It affects your strength (+3).
   rF+:       It protects you from fire.
   rPois:     It protects you from poison SH+5: It affects your SH (+5).
   Rampage:   It bestows one free step when moving towards enemies.
 S - a +6 ring of strength (left hand)
 U - a ring of protection from fire
Wands
 n - a wand of flame (66)
 s - a wand of mindburst (36)
 C - a wand of iceblast (35)
 M - a wand of paralysis (47)
 N - a wand of polymorph (7)
 V - a wand of acid (18)
 Y - a wand of digging (14)
Scrolls
 c - 2 scrolls of silence
 i - 3 scrolls of identify
 l - 2 scrolls of poison
 x - 6 scrolls of fog
 B - 7 scrolls of revelation
 D - 8 scrolls of blinking
 E - a scroll of summoning
 J - 7 scrolls of vulnerability
 L - 7 scrolls of fear
 O - 19 scrolls of teleportation
 Q - 10 scrolls of amnesia
 T - 5 scrolls of immolation
Potions
 d - 7 potions of might
 e - 6 potions of ambrosia
 f - 3 potions of enlightenment
 g - 14 potions of lignification
 h - 6 potions of magic
 m - 16 potions of curing
 q - 5 potions of heal wounds
 t - 9 potions of attraction
 v - 3 potions of haste
 z - 5 potions of brilliance
 K - 11 potions of mutation
 R - 2 potions of resistance
 W - 4 potions of cancellation
 X - a potion of berserk rage


   Skills:
 + Level 22.4 Fighting
 + Level 24.0(24.6) Axes
 + Level 7.8(15.5) Maces & Flails
 + Level 17.2 Throwing
 + Level 20.7 Armour
 + Level 10.6 Dodging
 + Level 17.0 Shields
 + Level 3.7 Spellcasting
 - Level 16.0 Invocations
 + Level 0.0 Evocations


You had 30 spell levels left.
You didn't know any spells.
Your spell library contained the following spells:

 Spells                   Type           Power      Damage    Failure   Level
 Freeze                   Ice            4%         1d3       95%         1
 Necrotise                Necr           4%         1d4       95%         1
 Sandblast                Erth           2%         2d4       95%         1
 Sting                    Tmut/Pois      4%         1d3       95%         1
 Summon Small Mammal      Summ           4%         N/A       95%         1
 Blink                    Tloc           2%         N/A       99%         2
 Cigotuvi's Dreadful Rot  Necr/Pois/Air  2%         N/A       99%         2
 Lesser Beckoning         Tloc           2%         N/A       99%         2
 Passwall                 Tmut/Erth      0%         N/A       99%         2
 Scorch                   Fire           2%         2d5       99%         2
 Static Discharge         Conj/Air       2%         3-4/arc   99%         2
 Sublimation of Blood     Necr           1%         N/A       99%         2
 Call Canine Familiar     Summ           1%         N/A       100%        3
 Dazzling Flash           Conj/Hex       2%         N/A       100%        3
 Frozen Ramparts          Ice            2%         1d1       100%        3
 Gell's Gravitas          Tloc           1%         N/A       100%        3
 Ignite Poison            Fire/Tmut/Pois 1%         N/A       100%        3
 Ozocubu's Armour         Ice            1%         N/A       100%        3
 Sigil of Binding         Hex            1%         N/A       100%        3
 Stone Arrow              Conj/Erth      2%         3d7       100%        3
 Summon Guardian Golem    Hex/Summ       1%         N/A       100%        3
 Teleport Other           Tloc           1%         N/A       100%        3
 Volatile Blastmotes      Fire/Tloc      2%         2d10      100%        3
 Airstrike                Air            0%         2d(1-17)  100%        4
 Anguish                  Hex/Necr       0%         N/A       100%        4
 Brom's Barrelling Bould  Conj/Erth      1%         2d3       100%        4
 Cause Fear               Hex            0%         N/A       100%        4
 Dimensional Bullseye     Hex/Tloc       0%         N/A       100%        4
 Dispel Undead            Necr           1%         3d6       100%        4
 Flame Wave               Conj/Fire      1%         2d4       100%        4
 Leda's Liquefaction      Hex/Erth       0%         N/A       100%        4
 Manifold Assault         Tloc           1%         N/A       100%        4
 Petrify                  Tmut/Erth      1%         N/A       100%        4
 Summon Ice Beast         Ice/Summ       1%         N/A       100%        4
 Summon Lightning Spire   Summ/Air       1%         N/A       100%        4
 Vhi's Electric Charge    Tloc/Air       2%         N/A       100%        4
 Arcjolt                  Conj/Air       0%         1d10      100%        5
 Irradiate                Conj/Tmut      0%         3d11      100%        5
 Iskenderun's Battlesphe  Conj           1%         2d6       100%        5
 Lee's Rapid Deconstruct  Erth           0%         3d4*      100%        5
 Metabolic Englaciation   Hex/Ice        0%         N/A       100%        5
 Bombard                  Conj/Erth      0%         9d1       100%        6
 Conjure Ball Lightning   Conj/Air       0%         3x3d6     100%        6
 Death Channel            Necr           0%         N/A       100%        6
 Dispersal                Tloc           0%         N/A       100%        6
 Plasma Beam              Fire/Air       0%         2x1d10    100%        6
 Simulacrum               Ice/Necr       0%         N/A       100%        6
 Starburst                Conj/Fire      0%         6d3       100%        6
 Summon Cactus Giant      Summ           0%         N/A       100%        6
 Enfeeble                 Hex            0%         N/A       100%        7
 Orb of Destruction       Conj           0%         9d5       100%        7
 Spellforged Servitor     Conj/Summ      0%         N/A       100%        7
 Discord                  Hex            0%         N/A       100%        8
 Disjunction              Tloc           0%         N/A       100%        8
 Maxwell's Capacitive Co  Air            0%         ∞         100%        8


Dungeon Overview and Level Annotations

Branches:
Dungeon (15/15)            Temple (1/1) D:5            Lair (5/5) D:9
 Shoals (4/4) Lair:3        Snake (4/4) Lair:3        Slime (0/5) Lair:5
    Orc (2/2) D:12            Elf (3/3) Orc:2        Vaults (4/5) D:14
  Crypt (0/3) Vaults:2     Depths (4/4) D:15          Sewer (visited)
 Bailey (visited)          WizLab (visited)         Gauntlet (visited)
    Zot: Depths:4

Altars:
Ashenzari
Cheibriados
Dithmenos
Elyvilon
Fedhas
Gozag
Hepliaklqana
Kikubaaqudgha
Makhleb
Nemelex Xobeh
Okawaru
Qazlal
Ru
Sif Muna
Trog
Uskayaw
Vehumet
Wu Jian
Xom
Yredelemnul
Zin
The Shining One
Beogh
Jiyva

Shops:
D:7 =   D:11 [   D:12 [   Orc:1 *   Orc:2 [(==   Elf:3 =:=   Snake:1 !
Vaults:1 *(=**   Vaults:3 (

Portals:
Hell: Depths:1 Depths:2 Depths:3 Depths:4
Abyss: Depths:3 Depths:4
Pandemonium: Depths:2
Ziggurat: Depths:1


Message History

You block the black draconian's attack.
There is an open door, spattered with blood here.
Things that are here:
a +0 hand axe; a yellow draconian corpse
Things that are here:
a +0 halberd; a yellow draconian corpse The black draconian breathes lightning at you.
The bolt of lightning misses you.
You hear a deafening roar!
You hear a roar!
Things that are here:
a +0 halberd; a white draconian corpse The yaktaur captain wields a +0 arbalest.
The yaktaur captain shoots a bolt.
You block the bolt with an invisible shield... and reflect it back!
The bolt hits the yaktaur captain!
The black draconian breathes lightning at you.
The bolt of lightning hits you!!
* * * LOW HITPOINT WARNING * * *
The yaktaur captain shoots a bolt.
The bolt hits you!!
* * * LOW HITPOINT WARNING * * *
You hear a deafening roar!
Okay, then.
There is an open door here.
You enter the shallow water.
Moving in this stuff is going to be slow.
You stride towards the black draconian!
You slash the black draconian!
The black draconian is heavily wounded.
The black draconian hits you but does no damage.
You slice the black draconian like a ripe choko!!!!
You kill the black draconian!
You hear a deafening roar!
The yaktaur captain shoots a bolt.
You block the bolt with an invisible shield... and reflect it back!
The bolt hits the yaktaur captain!
You stride towards the purple draconian!
You chop the purple draconian into pieces!!!
The purple draconian is heavily wounded.
The purple draconian breathes dispelling energy at you.
The bolt of dispelling energy hits you!!
You die...

###.###..~# ... ... #∩#†#∩#..≈#
### ## ###)###..~# .~.
..)∩.....~# #####.###
###.###..~###### .........
#∩#.#∩#..~~≈≈≈≈#########........
###.###.......≈#.......#.......
....#.........~#.#)#.#)#...#
....#^........~'@dc.)()))..#
....#.........~#.#.#)#)#)..#
....##........≈#.....c.#.......
....##...~~≈~≈~#########c..[....
....#....~###### '.........
....#....~# #####.###
....#....≈# .~. ....#....~#
####### ### ######...~# .....
.d.


You could see a purple draconian (catching breath) and a yaktaur captain.

Vanquished Creatures
  Mara (Depths:2)
  Vashnia (Snake:2)
  Xtahua (Depths:3)
  2 golden dragons (Depths:4)
  Nikola (Shoals:3)
  A bone dragon (Depths:4)
  Norris (Depths:1)
  A tentacled monstrosity (Depths:4)
  Mlioglotl (Shoals:3)
  3 liches
  Jorgrun (Shoals:3)
  A walking earthen tome (Depths:4)
  2 deep elf master archers (Elf:3)
  2 deep elf blademasters (Elf:3)
  Polyphemus (Shoals:3)
  8 tentacled starspawn
  4 sphinxes
  A tengu reaver (Depths:1)
  Kirke (Snake:2)
  Aizul (Snake:2)
  A shadow dragon (Depths:4)
  A storm dragon (Vaults:4)
  Donald (Shoals:1)
  Agnes (Snake:1)
  6 fire giants
  8 nagarajas
  A daeva (Abyss:3)
  A deep elf sorcerer (Elf:3)
  7 vault wardens
  5 frost giants
  A ghost moth (WizLab)
  11 ironbound preservers
  5 orc warlords
  2 deep elf elementalists (Elf:3)
  4 demonspawn corrupters (WizLab)
  12 stone giants
  A war gargoyle (Vaults:3)
  3 ironbound thunderhulks
  18 very ugly things
  A vampire knight (Depths:4)
  2 formless jellyfish
  Nessos (D:14)
  4 deep elf demonologists
  2 white draconians (Depths:4)
  2 lorocyprocas (Depths:2)
  4 dire elephants
  3 red draconians (Depths:4)
  The ghost of Osyvawk the Marksdraconian, a journeyman DrMo of Hepliaklqana (Lair:4)
  2 black draconians (Depths:4)
  10 deep elf annihilators
  A minotaur (Gauntlet)
  8 spark wasps
  Azrael (Elf:2)
  4 yellow draconians (Depths:4)
  A starcursed mass (Abyss:3)
  8 deep elf death magi
  A crystal guardian (Vaults:3)
  A green death (Abyss:3)
  9 ettins
  5 fire dragons
  3 merfolk javelineers
  4 merfolk impalers
  Erolcha (Orc:2)
  Josephine (D:11)
  2 deep elf high priests (Elf:3)
  9 great orbs of eyes
  10 yaktaur captains
  An entropy weaver (Vaults:2)
  5 rakshasas
  3 vault guards
  5 salamander tyrants
  4 ice dragons
  12 hydras
  2 ogre magi
  3 spriggan air magi
  10 anacondas
  15 centaur warriors
  3 catoblepae
  5 peacekeepers
  A satyr (Shoals:4)
  6 ironbound frosthearts
  4 boulder beetles
  8 merfolk aquamancers
  An alligator snapping turtle (Shoals:4)
  7 merfolk avatars
  8 tengu warriors
  8 deep troll shamans
  12 naga warriors
  3 death yaks
  Erica (D:10)
  12 two-headed ogres
  2 orc high priests (Orc:2)
  2 thrashing horrors (Abyss:3)
  4 deep troll earth magi
  33 dancing weapons
  10 occultists
  12 naga sharpshooters
  A vampire mage (Depths:2)
  2 spriggan berserkers
  Urug (Orc:1)
  7 hell knights
  8 shock serpents
  23 deep elf knights
  3 skeletal warriors (D:15)
  7 skysharks
  A soul eater (Depths:4)
  A sixfirhy (Abyss:3)
  45 deep trolls
  2 fire crabs (Shoals:2)
  2 wretched stars (Abyss:3)
  4 salamander mystics
  A spatial maelstrom (Abyss:3)
  4 iron trolls
  A flayed ghost (Abyss:3)
  12 sea snakes
  4 large abominations
  2 glowing orange brains
  16 lindwurms
  2 spriggan druids (WizLab)
  6 naga ritualists
  11 arcanists
  19 ironbound convokers
  A phantasmal warrior (Vaults:2)
  14 deep elf archers
  32 deep elf pyromancers
  31 deep elf zephyrmancers
  8 necromancers
  10 orc knights
  20 fauns
  13 harpies
  An oklob plant (Lair:2)
  A shadow dragon skeleton (Vaults:4)
  37 ugly things
  2 orc sorcerers (Orc:2)
  25 salamanders
  5 worldbinders (WizLab)
  A fire giant zombie (Depths:1)
  12 manticores
  9 cyclopes
  13 mana vipers
  11 merfolk sirens
  A rust devil (Abyss:3)
  16 elephants
  5 water nymphs
  A fire giant skeleton (Depths:1)
  35 black mambas
  8 guardian serpents
  14 cane toads
  11 naga magi
  5 smoke demons
  A torpor snail (Lair:2)
  6 vault sentinels
  An orange demon (Abyss:3)
  Maggie (Lair:1)
  3 rime drakes
  A tormentor (Abyss:3)
  A hellion (Depths:4)
  Psyche (D:11)
  An efreet (Abyss:3)
  18 komodo dragons
  A human skeleton (Vaults:4)
  4 freezing wraiths
  An ancient zyme (Abyss:3)
  20 yaktaurs
  3 kobold demonologists
  2 red devils
  A troll (shapeshifter) (Depths:2)
  5 tengu conjurers
  34 merfolk
  A meliai (shapeshifter) (Elf:2)
  A queen bee (shapeshifter) (Depths:4)
  8 trolls
  11 wind drakes
  12 hornets
  2 polar bears (Lair:5)
  An ettin zombie (Vaults:4)
  7 dream sheep
  A blink frog (shapeshifter) (Elf:1)
  19 blink frogs
  15 snapping turtles
  A frost giant simulacrum (Depths:1)
  2 ynoxinuls (Abyss:3)
  16 slime creatures
  17 flying skulls (Gauntlet)
  A shadow (D:13)
  16 spriggans
  A centaur simulacrum (D:14)
  An ettin skeleton (Depths:1)
  8 wraiths
  11 fire elementals
  23 water elementals
  5 air elementals
  A fire bat (shapeshifter) (Elf:3)
  A steam dragon (D:7)
  24 yaks
  4 wyverns
  6 hogs (Snake:2)
  2 fire bats
  A chaos spawn (Abyss:3)
  5 vampire mosquitoes
  8 basilisks
  3 golden eyes (WizLab)
  A neqoxec (Abyss:3)
  35 nagas
  4 wargs
  An acid dragon (D:10)
  A spatial vortex (Abyss:3)
  11 small abominations
  3 hell hounds (Elf:2)
  15 water moccasins
  37 orc warriors
  An ice beast (D:8)
  6 black bears
  2 sky beasts
  A black bear (shapeshifter) (Elf:2)
  7 boggarts
  16 ogres
  26 wolves
  21 centaurs
  3 phantoms
  5 kobold brigands
  12 bullfrogs
  A gnoll sergeant (D:11)
  2 scorpions
  6 earth elementals
  4 wights
  9 killer bees
  5 electric eels
  8 howler monkeys
  8 crimson imps
  A gnoll bouda (D:8)
  30 orc priests
  3 hounds
  8 jellies
  2 sleepcaps
  21 orc wizards
  An iguana (D:5)
  3 scorpion zombies (D:3)
  A boggart simulacrum (D:15)
  17 gnolls
  9 adders
  3 river rats
  3 white imps
  An adder zombie (D:3)
  4 worms
  3 dart slugs
  97 orcs
  11 ball pythons
  11 endoplasms
  5 giant cockroaches
  8 goblins
  9 hobgoblins
  6 jackals (D:1)
  A quokka (D:4)
  3 bats
  6 frilled lizards
  34 kobolds
  4 rats
  5 starspawn tentacles
1855 creatures vanquished.

Vanquished Creatures (collateral kills)
  2 merfolk impalers (Shoals:4)
  A faun (Shoals:4)
  A merfolk siren (Shoals:4)
  2 manticores (Shoals:4)
  6 merfolk (Shoals:4)
12 creatures vanquished.

Vanquished Creatures (others)
  A death yak (Shoals:3)
  A soul eater (Depths:4)
  A deep elf pyromancer (Elf:1)
  A lindwurm (Vaults:3)
  A water elemental (Elf:3)
  A kobold (D:12)
  9 starspawn tentacles
15 creatures vanquished.

Grand Total: 1882 creatures vanquished

Notes
Turn   | Place    | Note
-------+----------+-------------------------------------------
     0 | D:1      | mandoloar the Hill Orc Fighter began the quest for the Orb.
     0 | D:1      | Reached XP level 1. HP: 19/19 MP: 1/1
   128 | D:1      | Reached skill level 3 in Axes
   128 | D:1      | Reached XP level 2. HP: 26/27 MP: 2/2
   244 | D:1      | Reached XP level 3. HP: 25/33 MP: 3/3
   599 | D:1      | Found a faded altar of an unknown god.
  2045 | D:3      | Reached XP level 4. HP: 30/41 MP: 4/4
  2090 | D:3      | Found a basalt altar of Yredelemnul.
  2125 | D:3      | Reached skill level 4 in Axes
  2125 | D:3      | Reached XP level 5. HP: 34/47 MP: 5/5
  2317 | D:3      | Found a glowing drain.
  2337 | Sewer    | Entered a sewer
  2774 | Sewer    | Reached skill level 5 in Fighting
  2774 | Sewer    | Reached XP level 6. HP: 51/56 MP: 6/6
  2790 | Sewer    | Found a viscous altar of Jiyva.
  3616 | D:3      | Found a faded altar of an unknown god.
  3621 | D:3      | Found a shadowy altar of Dithmenos.
  3979 | D:4      | Identified a scroll of acquirement
  3979 | D:4      | Acquired 388 gold pieces
  3992 | D:4      | Reached skill level 5 in Axes
  3992 | D:4      | Reached skill level 5 in Armour
  4074 | D:4      | Reached skill level 5 in Shields
  4074 | D:4      | Reached XP level 7. HP: 45/61 MP: 7/7
  5385 | D:5      | Entered Level 5 of the Dungeon
  5435 | D:4      | Reached skill level 6 in Axes
  5711 | D:5      | Found a shimmering altar of Xom.
  5720 | D:5      | Reached XP level 8. HP: 66/70 MP: 8/8
  5941 | D:5      | Found a staircase to the Ecumenical Temple.
  5950 | Temple   | Entered the Ecumenical Temple
  5983 | Temple   | Became a worshipper of the Shining One
  6770 | D:6      | Reached skill level 7 in Axes
  7232 | D:6      | Found the +7 Kryia's mail coat {PotionHeal*2 rC+}
  7565 | D:6      | Reached XP level 9. HP: 72/80 MP: 9/9
  7668 | D:6      | Reached skill level 8 in Axes
  7992 | D:6      | Noticed a boulder beetle
  8031 | D:6      | Killed a boulder beetle
  8032 | D:6      | Reached skill level 9 in Axes
  8112 | D:6      | Noticed a kobold demonologist
  8115 | D:6      | Noticed a red devil
  8116 | D:6      | Noticed a rust devil
  8120 | D:6      | Killed a kobold demonologist
  8432 | D:7      | Reached * piety under the Shining One
  8437 | D:7      | Reached XP level 10. HP: 91/91 MP: 10/10
  8507 | D:7      | Reached skill level 1 in Throwing
  8645 | D:7      | Reached skill level 10 in Axes
  8802 | D:7      | Found Cogesiog's Jewellery Boutique.
  9440 | D:7      | Reached skill level 10 in Fighting
  9861 | D:8      | Reached ** piety under the Shining One
  9861 | D:8      | Noticed a cyclops
 10051 | D:8      | Killed a cyclops
 10462 | D:8      | Found a radiant altar of Vehumet.
 10474 | D:8      | Reached skill level 1 in Invocations
 11217 | D:9      | Noticed a two-headed ogre
 11313 | D:9      | Found a glowing silver altar of Zin.
 11345 | D:9      | Noticed a two-headed ogre
 11360 | D:9      | Killed a two-headed ogre
 11361 | D:9      | Reached skill level 11 in Axes
 11380 | D:9      | Killed a two-headed ogre
 11381 | D:9      | Reached XP level 11. HP: 80/101 MP: 13/13
 11488 | D:9      | Reached skill level 10 in Armour
 11499 | D:9      | Identified the +0 chain mail of Reefforph {Dex+6}
 11530 | D:9      | Found a sparkling altar of Nemelex Xobeh.
 11628 | D:9      | Found a staircase to the Lair.
 11651 | D:9      | Found an opulent altar of Gozag.
 11880 | D:9      | Found a hide-covered altar of Uskayaw.
 11996 | D:10     | Entered Level 10 of the Dungeon
 12026 | D:10     | Noticed Erica
 12035 | D:10     | Killed Erica
 12169 | D:10     | Noticed a deep elf pyromancer
 12169 | D:10     | Found a large runed translucent door.
 12239 | D:10     | Found a flagged portal.
 12252 | Bailey   | Entered a bailey
 12373 | Bailey   | Noticed an orc warlord
 12404 | Bailey   | Reached *** piety under the Shining One
 12614 | Bailey   | Found a runed translucent gate.
 12618 | Bailey   | Found a runed translucent gate.
 12619 | Bailey   | Found a runed translucent gate.
 12793 | Bailey   | Killed an orc warlord
 12794 | Bailey   | Reached skill level 5 in Invocations
 12858 | Bailey   | Reached skill level 12 in Axes
 12858 | Bailey   | Reached skill level 5 in Throwing
 12858 | Bailey   | Reached XP level 12. HP: 112/112 MP: 14/17
 12893 | D:10     | Found a hazy altar of Hepliaklqana.
 12971 | D:10     | Found a large runed translucent door.
 12973 | D:10     | Noticed a centaur warrior
 12973 | D:10     | Noticed a centaur warrior
 13013 | D:10     | Found a large runed translucent door.
 13013 | D:10     | Found a large runed translucent door.
 13645 | D:10     | Reached skill level 13 in Axes
 13651 | D:10     | Noticed a centaur warrior
 13665 | D:10     | Killed a centaur warrior
 14035 | Lair:1   | Entered Level 1 of the Lair of Beasts
 14486 | Lair:1   | Reached XP level 13. HP: 115/119 MP: 19/19
 15204 | Lair:1   | Noticed Maggie
 15216 | Lair:1   | Killed Maggie
 16002 | Lair:1   | Reached skill level 14 in Axes
 16970 | Lair:2   | Reached **** piety under the Shining One
 17143 | Lair:2   | Reached skill level 10 in Invocations
 19417 | Lair:3   | Reached XP level 14. HP: 130/130 MP: 21/21
 20159 | D:10     | Reached skill level 15 in Axes
 21110 | Lair:3   | Found a staircase to the Snake Pit.
 21285 | Lair:3   | Found a staircase to the Shoals.
 22767 | Lair:4   | Found a runed translucent gate.
 22767 | Lair:4   | Found a runed translucent gate.
 22767 | Lair:4   | Found a runed translucent gate.
 22769 | Lair:4   | Noticed Osyvawk's ghost (journeyman DrMo)
 22783 | Lair:4   | You fall into a shaft and drop 1 floor!
 22783 | Lair:5   | Entered Level 5 of the Lair of Beasts
 23194 | Lair:4   | Killed Osyvawk's ghost
 23334 | Lair:4   | Identified the amulet "Tufa" {Reflect Rampage rPois rF+
                  | Str+3 SH+5}
 23351 | Lair:4   | Identified the +1 scimitar "Coqiptenn" {freeze, rElec rPois
                  | Will- Str+3}
 23353 | Lair:4   | Identified the +1 leather armour of Soft Rains {Harm}
 24517 | Lair:5   | Reached skill level 15 in Fighting
 24525 | Lair:5   | Reached skill level 16 in Axes
 25213 | Lair:5   | Reached XP level 15. HP: 141/141 MP: 24/24
 25706 | Lair:5   | Reached ***** piety under the Shining One
 25906 | Lair:5   | Acquired a manual of Invocations
 26385 | Lair:5   | Identified the +10 halberd "Qup Qeng" {chaos, Will+}
 26472 | Lair:5   | Found a viscous altar of Jiyva.
 26472 | Lair:5   | Found a staircase to the Slime Pits.
 27078 | D:11     | Found Lestrum's Antique Armour Shop.
 27119 | D:11     | Noticed Josephine
 27124 | D:11     | Killed Josephine
 27900 | D:11     | Noticed Psyche
 27901 | D:11     | Found a sparkling altar of Nemelex Xobeh.
 27906 | D:11     | Killed Psyche
 28639 | D:12     | Acquired 1068 gold pieces
 29201 | D:12     | Found Roir's Armour Boutique.
 29231 | D:12     | Found a staircase to the Orcish Mines.
 29825 | D:13     | Reached skill level 10 in Throwing
 29899 | D:13     | Identified the +5 ring mail of the Hairy Hot Ocelot {Dex+4}
 30058 | D:13     | Identified the +4 mace "Fiun" {pain, rF+ Will+}
 30154 | D:13     | Found a gate leading to a gauntlet.
 30163 | Gauntlet | Entered a Gauntlet
 30163 | Gauntlet | Found a transporter.
 30163 | Gauntlet | Found a transporter.
 30180 | Gauntlet | Found a transporter.
 30184 | Gauntlet | Found a runed translucent door.
 30186 | Gauntlet | Found a runed translucent door.
 30188 | Gauntlet | Found a transporter.
 30192 | Gauntlet | Found a transporter.
 30198 | Gauntlet | Found a runed translucent gate.
 30198 | Gauntlet | Found a runed translucent gate.
 30198 | Gauntlet | Found a runed translucent gate.
 30200 | Gauntlet | Found a transporter.
 30217 | Gauntlet | Found a transporter.
 30232 | Gauntlet | Found a transporter.
 30236 | Gauntlet | Found a transporter.
 30258 | Gauntlet | Found a transporter.
 30262 | Gauntlet | Found a transporter.
 30286 | Gauntlet | Found a transporter.
 30312 | Gauntlet | Reached ****** piety under the Shining One
 30490 | Gauntlet | Identified the +4 glaive of Eternal Night {heavy, rPois
                  | rF+++ rC- Stlth+}
 31014 | D:14     | Reached skill level 17 in Axes
 31551 | D:14     | Reached skill level 1 in Dodging
 31665 | D:14     | Reached XP level 16. HP: 127/151 MP: 26/26
 31854 | D:14     | Found a gate to the Vaults.
 32318 | D:14     | Noticed Nessos
 32323 | D:14     | Killed Nessos
 32511 | D:15     | Entered Level 15 of the Dungeon
 32577 | D:15     | Reached skill level 15 in Invocations
 32733 | D:15     | Reached skill level 15 in Armour
 33081 | D:15     | Identified the +0 robe of Fifix {Stlth+}
 33431 | D:15     | Found a staircase to the Depths.
 34168 | Snake:1  | Entered Level 1 of the Snake Pit
 35072 | Snake:1  | Found Umirefar's Distillery.
 35080 | Snake:1  | Bought a potion of heal wounds for 100 gold pieces
 35080 | Snake:1  | Bought a potion of might for 80 gold pieces
 35080 | Snake:1  | Bought a potion of might for 80 gold pieces
 35080 | Snake:1  | Bought a potion of lignification for 60 gold pieces
 35908 | Snake:1  | Bought a potion of mutation for 160 gold pieces
 35963 | Snake:2  | Noticed Agnes
 35974 | Snake:2  | Noticed a nagaraja
 35982 | Snake:1  | Killed Agnes
 36458 | Snake:2  | Reached XP level 17. HP: 156/160 MP: 29/29
 36523 | Snake:2  | Reached skill level 18 in Axes
 36853 | Snake:2  | Noticed Vashnia
 37377 | Snake:2  | Noticed Kirke
 37390 | Snake:2  | Killed Kirke
 37810 | Snake:2  | Identified the serpent talisman "Wewk" {rElec rN+ Int+3}
 37810 | Snake:2  | Noticed Aizul
 37819 | Snake:2  | Reached skill level 10 in Shields
 37820 | Snake:2  | Killed Aizul
 38566 | Snake:2  | Killed Vashnia
 40527 | Snake:3  | Reached skill level 5 in Dodging
 41070 | Snake:4  | Entered Level 4 of the Snake Pit
 42543 | Snake:4  | Reached XP level 18. HP: 146/171 MP: 30/30
 42769 | Snake:4  | Reached skill level 19 in Axes
 44117 | Snake:4  | Got a serpentine rune of Zot
 44396 | Shoals:1 | Entered Level 1 of the Shoals
 44811 | Shoals:1 | Noticed Donald
 44821 | Shoals:1 | Killed Donald
 46309 | Shoals:2 | Found the +3 pair of seven-league boots {Rampage+∞}
 47518 | Shoals:2 | Acquired 732 gold pieces
 47996 | Shoals:3 | Noticed Nikola
 48203 | Shoals:3 | Noticed Mlioglotl
 48525 | Shoals:3 | Killed Mlioglotl
 48850 | Shoals:3 | Killed Nikola
 48934 | Shoals:3 | Noticed Polyphemus
 49229 | Shoals:3 | Killed Polyphemus
 49830 | Shoals:3 | Reached XP level 19. HP: 172/181 MP: 31/31
 50096 | Shoals:3 | Reached skill level 20 in Axes
 50257 | Shoals:3 | Noticed Jorgrun
 50272 | Shoals:3 | Killed Jorgrun
 50958 | Shoals:4 | Entered Level 4 of the Shoals
 52581 | Shoals:4 | Got the Papyrus of Twisted Putrescence
 53215 | Shoals:4 | Identified the +9 lajatang of the Skies Above {freeze,
                  | +Blink rPois rCorr Int-4}
 53550 | Shoals:4 | Got a barnacled rune of Zot
 53596 | Shoals:4 | Identified the +12 flail "Zipsupne" {spect, Dex+2}
 53949 | Orc:1    | Entered Level 1 of the Orcish Mines
 54051 | Orc:2    | Entered Level 2 of the Orcish Mines
 54067 | Orc:2    | Found a staircase to the Elven Halls.
 54247 | Orc:2    | Noticed Erolcha
 54462 | Orc:2    | Killed Erolcha
 54464 | Orc:2    | Found a burning altar of Makhleb.
 54656 | Orc:2    | Found a roughly hewn altar of Beogh.
 54957 | Orc:2    | Found a roughly hewn altar of Beogh.
 54961 | Orc:2    | Found Miwoneo's Jewellery Shoppe.
 54973 | Orc:2    | Found a roughly hewn altar of Beogh.
 54974 | Orc:2    | Found Otrodghel's Jewellery Boutique.
 55185 | Orc:2    | Found a roughly hewn altar of Beogh.
 55227 | Orc:2    | Found Hakaguv's Antique Armour Boutique.
 55237 | Orc:2    | Found a roughly hewn altar of Beogh.
 55582 | Orc:2    | Found Woiskenk's Antique Weapon Shop.
 55591 | Orc:2    | Bought a pair of embroidered gloves for 277 gold pieces
 55793 | Orc:2    | Found a roughly hewn altar of Beogh.
 55875 | Orc:2    | Bought the amulet "Omem" {Reflect rF+ MP+9 SH+5} for 943
                  | gold pieces
 55909 | Orc:2    | Bought a +6 ring of strength for 540 gold pieces
 56045 | Orc:1    | Noticed Urug
 56047 | Orc:1    | Found Rifucalo's Assorted Antiques.
 56048 | Orc:1    | Killed Urug
 56338 | Vaults:1 | Entered Level 1 of the Vaults
 56526 | Vaults:1 | Found Wajiunoo's General Store.
 56898 | Vaults:1 | Found Mugib's General Store.
 56906 | Vaults:1 | Bought a +0 cloak of willpower for 207 gold pieces
 57290 | Vaults:1 | Found Kaneshec's Jewellery Shop.
 57527 | Vaults:1 | Reached XP level 20. HP: 167/191 MP: 32/32
 57870 | Vaults:1 | Found Weg Isec's General Store.
 57878 | Vaults:1 | Bought a scroll of blinking for 75 gold pieces
 57878 | Vaults:1 | Bought a scroll of teleportation for 30 gold pieces
 57887 | Vaults:1 | Found Ashrua Usiqi's Weapon Shoppe.
 58797 | Vaults:2 | Reached skill level 21 in Axes
 58836 | Vaults:2 | Found a magical portal.
 58845 | WizLab   | Entered Alistair's Party Mansion
 59437 | WizLab   | Noticed a golden dragon
 59437 | WizLab   | Noticed a golden dragon
 59563 | WizLab   | Acquired a +1 crystal plate armour
 59582 | WizLab   | Got the Volume of Toxicants and Changes
 59584 | WizLab   | Got Iclekaq's Encyclopedia of Xenomorphic Intoxication
 62091 | Vaults:2 | Identified the +1 rapier of Feofiune {flame, Stlth+}
 62441 | Vaults:2 | Found a staircase to the Crypt.
 62441 | Vaults:2 | Found an ancient bone altar of Kikubaaqudgha.
 62441 | Vaults:2 | Found a basalt altar of Yredelemnul.
 63463 | Vaults:3 | Reached XP level 21. HP: 201/201 MP: 33/33
 64411 | Vaults:3 | Found Eregg's Weapon Shop.
 64422 | Vaults:3 | Bought 5 silver javelins for 765 gold pieces
 64744 | Vaults:4 | Paralysed by a formless jellyfish for 1 turns
 64839 | Vaults:4 | Reached skill level 1 in Maces & Flails
 65480 | Vaults:4 | Identified the +0 pair of gloves "Soygg" {Will+ rCorr
                  | Dex-5}
 66129 | Vaults:4 | Reached skill level 22 in Axes
 67151 | Elf:1    | Entered Level 1 of the Elven Halls
 68211 | Elf:1    | Paralysed by an air elemental for 1 turns
 68421 | Elf:1    | Identified the +7 quarterstaff "Keogg" {flame, Str+2}
 68585 | Elf:1    | Reached skill level 15 in Shields
 68677 | Elf:1    | Reached XP level 22. HP: 207/211 MP: 34/34
 68997 | Elf:2    | Noticed Azrael
 69011 | Elf:2    | Paralysed by an air elemental for 1 turns
 69017 | Elf:2    | Killed Azrael
 69590 | Elf:2    | Reached skill level 15 in Throwing
 69934 | Elf:2    | Found a runed translucent gate.
 69935 | Elf:2    | Found a runed translucent gate.
 69935 | Elf:2    | Found a runed translucent gate.
 70081 | Elf:2    | Reached skill level 5 in Maces & Flails
 70910 | Abyss:3  | Cast into level 3 of the Abyss (+0 quick blade of
                  | distortion)
 70964 | Abyss:3  | Found a corrupted altar of Lugonu.
 71422 | Elf:2    | Escaped the Abyss
 72470 | Elf:3    | Entered Level 3 of the Elven Halls
 73261 | Elf:3    | Paralysed by an air elemental for 1 turns
 73729 | Elf:3    | Got the Treatise on Hurting
 73733 | Elf:3    | Identified the staff "Killer Bee's Peril" {Will+ Dex+4
                  | Stlth- Conj}
 73734 | Elf:3    | Identified the +8 mace of Soft Optimality {freeze, rPois
                  | rCorr Str+3 Dex+5}
 74054 | Elf:3    | Reached skill level 23 in Axes
 74201 | Elf:3    | Identified the staff "Qexomet" {rC+ Int+2 Ice}
 74341 | Elf:3    | Found Daoluph's Jewellery Emporium.
 74342 | Elf:3    | Found Uforchioh's Book Shop.
 74343 | Elf:3    | Found Ducownaa's Jewellery Emporium.
 74581 | Depths:1 | Entered Level 1 of the Depths
 74605 | Depths:1 | Reached XP level 23. HP: 197/221 MP: 35/35
 75035 | Depths:1 | Noticed Norris
 75060 | Depths:1 | Killed Norris
 75926 | Depths:1 | Found a radiant altar of Vehumet.
 75935 | Depths:1 | Identified the +2 hat "Qusus" {Stlth+}
 75949 | Depths:1 | Found the +0 mask of the Dragon {Will+ Slay+3 SInv}
 76096 | Depths:1 | Found a one-way gateway to a ziggurat.
 76202 | Depths:1 | Found a gateway to Hell.
 76723 | Depths:2 | Reached skill level 10 in Dodging
 76844 | Depths:2 | Found a one-way gate leading to the halls of Pandemonium.
 76987 | Depths:2 | Identified the +0 pair of boots "Ycruer" {rPois Str+3}
 77062 | Depths:2 | Reached skill level 1 in Spellcasting
 78169 | Depths:2 | Found a radiant altar of Vehumet.
 78173 | Depths:2 | Found a transporter.
 78439 | Depths:2 | Got Isag's Meditations on Chilblains
 78440 | Depths:2 | Identified the +0 cloak of True Grit {rElec rF++ rC- Dex+2}
 78461 | Depths:2 | Found a transporter.
 78462 | Depths:2 | Identified the staff of Jackeoc {rN+ Will+ Str+3 Int+2
                  | Necro}
 78838 | Depths:3 | Found a broken altar of Ashenzari.
 78928 | Depths:3 | Found a one-way gate to the infinite horrors of the Abyss.
 79580 | Depths:3 | Identified the staff of the Modern Coins {rElec Str+3 Air
                  | Earth}
 79870 | Depths:3 | Noticed Mara
 79980 | Depths:3 | Noticed mandoloar's illusion
 80000 | Depths:2 | Killed Mara
 80251 | Depths:3 | Noticed Xtahua
 80253 | Depths:3 | Killed Xtahua
 80254 | Depths:3 | Reached XP level 24. HP: 232/232 MP: 35/35
 80728 | Depths:4 | Entered Level 4 of the Depths
 80728 | Depths:4 | Found a stormy altar of Qazlal.
 81772 | Depths:4 | Reached skill level 24 in Axes
 82085 | Depths:4 | Killed from afar by a purple draconian

Illustrated notes

Levels and vault maps discovered:
D:1:      amcnicky_arrival_double_pillar, layout_loops_cross,
          ebering_ecumenical_altar_petrified, kennysheep_boxes
D:2:      layout_loops_ring, bh_walls_and_bars
D:3:      layout_basic, nicolae_overflow_ecumenical_swirl,
          nicolae_yredelemnul_corpse_copse, cheibrodos_sewer_entry_sluice
D:4:      layout_loops_corners
D:5:      layout_basic, led_xom_imps, minmay_temple_entry_slanted
D:6:      minmay_cornered_nines, layout_basic
D:7:      layout_basic, serial_shops, nicolae_shop_stone, minmay_quadrilaterals
D:8:      layout_basic, mainiacjoe_overflow_chevrons
D:9:      layout_rooms, mainiacjoe_overflow_alcove_2, zin_academy,
          nicolae_uskayaw_dance_studio, nicolae_overflow_crystal_walls
D:10:     layout_long_grid, mainiacjoe_overflow_small_starburst, enter_bailey_6,
          minmay_hollow_rounded_squares, uniq_erica
D:11:     layout_stronghold, serial_shops, nicolae_shop_dealshenge,
          kennysheep_minor_cross, nemelex_xobeh_ov_fountains_minmay,
          uniq_josephine, uniq_psyche
D:12:     layout_basic, orc_david_3
D:13:     layout_rooms, gauntlet_entry_generic
D:14:     layout_grid_maze, skrybe_vaults_entry_preservation,
          minmay_misc_feat_roman, uniq_nessos
D:15:     hellmonk_depths_entry_around_the_bend, layout_stronghold,
          grunt_decor_clamped
Temple:   nicolae_temple_figure_eight
Lair:1:   layout_gridlike, uniq_maggie
Lair:2:   nzn_winding_woodlands_medium [nzn_winding_woodlands_5x5_open_star,
          nzn_winding_woodlands_5x15_pool, nzn_winding_woodlands_5x5_cross,
          nzn_winding_woodlands_5x5_perimeter,
          nzn_winding_woodlands_center_lodge, nzn_winding_woodlands_5x5_three,
          nzn_winding_woodlands_5x5_checkerboard,
          nzn_winding_woodlands_5x15_longhouse,
          nzn_winding_woodlands_hourglass], layout_cave_pods, st_stairs_8,
          grunt_forest_large_clearing_hut
Lair:3:   layout_hall_layers, minmay_shoals_entry_hut,
          nicolae_snake_entry_squirm, infiniplex_staircase_pool_2
Lair:4:   layout_gridlike, gammafunk_ghost_hydra_chop, grunt_megastairs_2,
          lemuel_fruit_fields
Lair:5:   minmay_lair_end_enchanted_forest, layout_gridlike, slime_entry_2
Shoals:1: cheibrodos_shoals_baths, layout_shoals, uniq_donald
Shoals:2: layout_shoals, hangedman_shoal_volcano
Shoals:3: layout_shoals, uniq_mlioglotl, uniq_polyphemus, uniq_nikola,
          uniq_jorgrun
Shoals:4: shoals_end_hangedman, layout_shoals
Snake:1:  layout_chambers, serial_shops, shop
Snake:2:  layout_onion, serial_bayou_pond_a, st_stairs_4, uniq_kirke,
          uniq_vashnia, uniq_aizul, uniq_agnes
Snake:3:  layout_grid_maze
Snake:4:  grunt_snake_rune_pools, layout_cave_town
Orc:1:    layout_diamond_mine, serial_shops, nicolae_shop_statue_plus, uniq_urug
Orc:2:    grunt_orc_community_town_hall, layout_caves,
          grunt_orc_community_big_house_1, grunt_orc_community_big_house_1,
          grunt_orc_community_house_2, grunt_orc_community_house_3,
          grunt_orc_community_house_2, grunt_orc_community_house_3,
          grunt_orc_community_house_3, grunt_orc_community_house_1,
          bloody_makhleb, uniq_erolcha
Elf:1:    minmay_elf_arrival_summoners, layout_loops_cross, evilmike_minifort,
          drop_trap, st_stairs_12
Elf:2:    nicolae_elf_blades_crystal_corner, layout_loops_corners, st_stairs_1,
          uniq_azrael
Elf:3:    grunt_elf_hall_diamonds, layout_loops_cross, minmay_shop_grove
Vaults:1: vaults_room_fancy_cross, nicolae_vaults_halls_meeting,
          nicolae_vaults_tetromino_L_1, nicolae_vaults_network_square,
          nicolae_vaults_house_1, nicolae_vaults_double_plus_1,
          layout_vaults_chaotic_city, serial_shops, shop, shop,
          nicolae_shop_statue_plus, shop, shop
Vaults:2: mu_enter_wizlab_3, v_misc_4, nicolae_vaults_asterisk,
          nicolae_vaults_circle_grid_b, v_alt_pattern_2, vaults_room_pools,
          grunt_vaults_hallway_short, nicolae_vaults_storage_closets_3,
          nicolae_vaults_antechamber_and_loot_room, v_misc_2,
          minmay_crypt_entry_necro_gods, v_pattern_4, nicolae_vaults_rhombus_6,
          ontoclasm_vaults_bender, layout_vaults_maze_bifur
Vaults:3: v_misc_27, v_alt_pattern_2, nicolae_vaults_taking_the_gang_shopping,
          nicolae_vaults_network_quinsquares
          [nicolae_vaults_network_quincunx_subvault,
          nicolae_vaults_network_quincunx_subvault,
          nicolae_vaults_network_quincunx_subvault,
          nicolae_vaults_network_quincunx_subvault], grunt_vaults_funnel,
          dpeg_vaults_monster_row, nicolae_vaults_little_squares_1, st_lines,
          nicolae_vaults_little_squares_6, nicolae_vaults_trapezoid_1,
          nicolae_vaults_trapezoid_lopsided_1, vaults_dpeg_diagonal,
          layout_vaults_big_cross
Vaults:4: v_rooms_2, hangedman_vaults_locks, vaults_room_grid, v_alt_pattern_2,
          nicolae_vaults_storage_closets_1,
          nicolae_vaults_windows_and_doors_thing, nicolae_vaults_enemy_cabinets,
          layout_vaults_omnigrid
Depths:1: layout_small_grid, enter_ziggurat_e, pf_hell_entry_great_geh,
          grunt_tower_of_power, uniq_norris
Depths:2: gammafunk_sealed_library, layout_gridville, pf_coc_iceberg,
          rand_demon_pan_entry_3, kennysheep_doodads, grunt_megastairs_5
Depths:3: kennysheep_cluttered_fort, layout_cave_pools,
          wad_floor_pattern_untrapped, pf_hell_entry_tar_spiral, abyss_entry,
          ashenzari_altar_1, firewood_loft, uniq_mara, uniq_xtahua
Depths:4: evilmike_zot_entry_castle, layout_gridville, hellmouth_1,
          nicolae_qazlal_style_of_elements, abyss_entry_glasseish

Skill      XL: |  1  2  3  4  5  6  7  8  9 10 11 12 13 14 15 16 17 18 19 20 21 22 23 24 |
---------------+-------------------------------------------------------------------------+-----
Axes           | 3 4 5 6 7 9 11 12 13 14 16 17 18 19 20 21 22 23 24 | 24.0
Fighting       | 4 5 6 7 9 10 12 13 15 16 17 18 19 20 21 22 | 22.4
Armour         | 4 5 7 8 9 11 12 13 14 15 16 17 18 19 20 | 20.7
Shields        | 4 5 6 7 8 9 10 12 13 14 15 16 17 | 17.0
Throwing       | 3 5 6 8 9 10 11 12 13 14 15 16 17 | 17.2
Invocations    | 3 7 8 10 12 14 16 | 16.0
Dodging        | 1 3 5 6 7 8 9 10 | 10.6
Maces & Flails | 4 6 7 |  7.8
Spellcasting   | 2 3 |  3.7

Action                     |  1- 3 |  4- 6 |  7- 9 | 10-12 | 13-15 | 16-18 | 19-21 | 22-24 || total
---------------------------+-------+-------+-------+-------+-------+-------+-------+-------++-------
  Melee: War axe           |    98 |   150 |   276 |   413 |   600 |    22 |       |       ||  1559
         Broad axe         |       |       |       |       |   397 |   884 |  1127 |   821 ||  3229
  Throw: Dart              |       |       |    36 |    57 |    58 |    12 |       |    33 ||   196
         Boomerang         |       |       |       |       |       |    22 |    18 |     3 ||    43
 Invoke: Summon Divine War |       |       |       |       |       |       |     2 |       ||     2
         Divine Shield     |       |       |       |       |       |       |     1 |       ||     1
  Evoke: Wand              |       |       |       |       |     7 |       |       |       ||     7
    Use: Scroll            |     3 |     6 |     4 |    12 |    22 |     3 |     7 |    10 ||    67
         Potion            |       |       |     2 |     2 |       |     2 |     3 |       ||     9
 Armour: Scale mail        |    43 |       |    30 |   278 |   616 |   601 |   247 |       ||  1815
         Chain mail        |    51 |   114 |   162 |       |       |       |       |       ||   327
         Plate armour      |       |       |       |       |       |       |   107 |       ||   107
         Crystal plate arm |       |       |       |       |       |       |   247 |   433 ||   680
  Dodge: Dodged            |    36 |    56 |    85 |   145 |   519 |   461 |   391 |   236 ||  1929
  Block: Buckler           |    26 |    37 |    63 |   106 |   517 |    39 |       |       ||   788
         Reflection        |       |       |       |       |    10 |   147 |   119 |    58 ||   334
         Kite shield       |       |       |       |       |       |   919 |   474 |       ||  1393
         Tower shield      |       |       |       |       |       |       |   703 |   888 ||  1591

Table legend: (Time is in decaauts)
 A = Elapsed time spent in this place.
 B = Non-inter-level travel time spent in this place.
 C = Inter-level travel time spent in this place.
 D = Time resting spent in this place.
 E = Time spent auto-exploring this place.
 F = Levels seen in this place.
 G = Mean time per level.
                   A        B        C        D        E       F      G
               +--------+--------+--------+--------+--------+-----+--------+
         Total |  82766 |  75322 |   7444 |  34522 |  28566 |  47 | 1761.0 |
       Dungeon |  21770 |  18826 |   2944 |   6374 |   9412 |  15 | 1451.3 |
        Temple |     64 |      2 |     62 |      0 |      0 |   1 |   64.0 |
          Lair |  12682 |  11290 |   1392 |   6331 |   3509 |   5 | 2536.4 |
        Shoals |   9685 |   9190 |    495 |   5111 |   2762 |   4 | 2421.2 |
     Snake Pit |  10284 |   9734 |    550 |   5369 |   3032 |   4 | 2571.0 |
  Orcish Mines |   2696 |   2422 |    274 |   1295 |    783 |   2 | 1348.0 |
   Elven Halls |   6056 |   5608 |    448 |   2260 |   2213 |   3 | 2018.7 |
        Vaults |   7900 |   7206 |    694 |   2497 |   3606 |   4 | 1975.0 |
        Depths |   6264 |   5682 |    582 |   2403 |   2137 |   4 | 1566.0 |
         Abyss |    528 |    528 |      0 |      0 |    217 |   1 |  528.0 |
         Sewer |    900 |    900 |      0 |    555 |    171 |   1 |  900.0 |
        Bailey |    622 |    622 |      0 |    272 |    152 |   1 |  622.0 |
        Wizlab |   2876 |   2876 |      0 |   2009 |    370 |   1 | 2876.0 |
      Gauntlet |    431 |    431 |      0 |     44 |    200 |   1 |  431.0 |
               +--------+--------+--------+--------+--------+-----+--------+

Top non-repeatable levels by time:
Shoals:2: 3735 daAuts
  Lair:2: 3114 daAuts
 Snake:4: 3070 daAuts
  WizLab: 2876 daAuts
   Elf:2: 2856 daAuts
 Snake:1: 2789 daAuts
  Lair:5: 2507 daAuts
Shoals:4: 2465 daAuts
 Snake:3: 2453 daAuts
  Lair:1: 2412 daAuts
  Lair:3: 2378 daAuts
  Lair:4: 2270 daAuts
Vaults:1: 2253 daAuts
Vaults:4: 2127 daAuts
Depths:1: 2085 daAuts
